 Dungeon Crawl Stone Soup version 0.31-a0-728-g01b46875f1 (webtiles) character file.

Game seed: 15799856002510014292

119996 Iich the Grappler (level 16, -50/163 HPs)
             Began as a Troll Shapeshifter on Sept 8, 2023.
             Was a High Priest of Trog.
             Annihilated by an enormous slime creature (58 damage)
             ... on level 14 of the Dungeon on Sept 11, 2023.
             The game lasted 00:54:40 (23627 turns).

Iich the Grappler (Troll Shapeshifter)             Turns: 23627, Time: 00:54:40

Health: -50/163    AC: 35    Str: 39    XL:     16   Next: 29%
Magic:  15/15      EV:  8    Int:  6    God:    Trog [*****.]
Gold:   350        SH:  5    Dex: 11    Spells: 15/15 levels left

rFire   + .          .
                       - Unarmed
rCold   + . .        (shield currently unavailable)
rNeg    . . .        m - +9 scales of the Dragon King {rPois rF+ rC+ Will+}
rPois   +            M - +2 hat
rElec   .            O - scarf "Oxorarini" {+Inv, Contam Will++ Str+3}
rCorr   .            (gloves unavailable)
SInv    .            (boots unavailable)
Will    +++++        k - amulet of reflection Stlth
                     Z - +4 ring of protection
HPRegen 2.27/turn    I - +6 ring of strength
MPRegen 0.14/turn

%: reflection, clarity
@: flux-form, strong-willed, on berserk cooldown, regenerating, slowed, glowing,
very slow
A: glow, contaminating, large, unfitting armour, claws 3, regeneration 1, shaggy
fur 1, tough skin 1, clarity, poison resistance
a: Begin Untransformation, Renounce Religion, Evoke Invisibility, Berserk,
Trog's Hand, Brothers in Arms


You were on level 14 of the Dungeon.
You worshipped Trog.
Trog was extremely pleased with you.
You were something dangerously unstable.
You visited 4 branches of the dungeon, and saw 23 of its levels.
You also visited: Ossuary and Ice Cave.

You collected 3004 gold pieces.
You spent 2654 gold pieces at shops.

Inventory:

Hand Weapons
 i - a +8 giant club
 W - the +9 battleaxe of the Gloaming {heavy, rElec rF+++ rN+ Dex-5}
   (Trog gifted it to you on level 4 of the Lair of Beasts)

   Dex-5:     It affects your dexterity (-5).
   rF+++:     It renders you almost immune to fire.
   rElec:     It insulates you from electricity.
   rN+:       It protects you from negative energy.
Missiles
 K - a throwing net
Armour
 j - a +2 buckler of cold resistance
 m - the +9 scales of the Dragon King (worn) {rPois rF+ rC+ Will+}
   (You found it on level 2 of the Dungeon)

   rF+:       It protects you from fire.
   rC+:       It protects you from cold.
   rPois:     It protects you from poison Will+: It increases your willpower.
 M - a +2 hat (worn)
 O - the scarf "Oxorarini" (worn) {+Inv, Contam Will++ Str+3}
   (You bought it in a shop on level 4 of the Dungeon)

   Str+3:     It affects your strength (+3).
   Will++:    It greatly increases your willpower.
   Contam:    It causes magical contamination when unequipped.
 Y - a +2 cloak
Jewellery
 k - an amulet of reflection (around neck)
 C - a ring of resist corrosion
 I - a +6 ring of strength (right claw)
 S - a ring of see invisible
 T - an amulet of regeneration
 Z - a +4 ring of protection (left claw)
Talismans
 c - a beast talisman
 u - a flux talisman (active)
Wands
 v - a wand of iceblast (2)
 H - a wand of flame (29)
 J - a wand of polymorph (15)
 N - a wand of paralysis (20)
 Q - a wand of mindburst (16)
 V - a wand of light (6)
Scrolls
 a - 2 scrolls of torment
 g - 7 scrolls of fear
 p - 3 scrolls of noise
 r - 6 scrolls of enchant weapon
 s - 3 scrolls of revelation
 t - 12 scrolls of teleportation
 x - 2 scrolls of poison
 z - 3 scrolls of enchant armour
 A - a scroll of silence
 B - 3 scrolls of blinking
 E - 2 scrolls of vulnerability
 F - 4 scrolls of fog
 G - 5 scrolls of butterflies
 L - 3 scrolls of immolation
Potions
 b - 3 potions of lignification
 d - a potion of might
 e - 6 potions of attraction
 f - 3 potions of enlightenment
 h - 2 potions of haste
 l - a potion of heal wounds
 n - 3 potions of resistance
 o - a potion of magic
 q - 12 potions of curing
 w - 3 potions of mutation
 y - 5 potions of ambrosia
 D - a potion of berserk rage
 R - 4 potions of cancellation
Miscellaneous
 P - a phial of floods (inert)
 U - a phantom mirror
 X - a condenser vane


   Skills:
 + Level 11.5 Fighting
 + Level 11.5 Armour
 + Level 11.6 Dodging
 + Level 13.9 Unarmed Combat
 + Level 12.8 Shapeshifting


You had 15 spell levels left.
You didn't know any spells.
Your spell library contained the following spells:

 Spells                   Type           Power      Damage    Failure   Level
 Magic Dart               Conj           0%         1d3       99%         1
 Summon Small Mammal      Summ           0%         N/A       99%         1
 Call Imp                 Summ           0%         N/A       100%        2
 Call Canine Familiar     Summ           0%         N/A       100%        3
 Mephitic Cloud           Conj/Pois/Air  0%         N/A       100%        3
 Summon Guardian Golem    Hex/Summ       0%         N/A       100%        3


Dungeon Overview and Level Annotations

Branches:
Dungeon (15/15)            Temple (1/1) D:6            Lair (5/5) D:8
  Swamp (0/4) Lair:2        Snake (0/4) Lair:2        Slime (0/5) Lair:4
    Orc (2/2) D:12            Elf (0/3) Orc:2        Vaults (0/5) D:13
Ossuary (visited)           IceCv (visited)
 Depths: D:15

Altars:
Ashenzari
Cheibriados
Dithmenos
Elyvilon
Fedhas
Gozag
Hepliaklqana
Kikubaaqudgha
Makhleb
Nemelex Xobeh
Okawaru
Qazlal
Ru
Sif Muna
Trog
Uskayaw
Vehumet
Wu Jian
Xom
Yredelemnul
Zin
The Shining One
Jiyva

Shops:
D:4 [   Orc:1 [   Orc:2 (([*


Innate Abilities, Weirdness & Mutations

You are something dangerously unstable.
You glow with magical radiation, making you easy to see and hit.
Foes you strike become dangerously contaminated with magical radiation.
You are incapable of wielding weapons or throwing items.
You are too large for most types of armour.
You have claws for hands.
Your natural rate of healing is unusually fast.
You are covered in fur. (AC +1)
You have tough skin. (AC +1)
You possess an exceptional clarity of mind.
Your system is resistant to poisons. (rPois)


Message History

You regained 2 hp, and now have 33/163 hp.
You regained 2 hp, and now have 35/163 hp.
You regained 2 hp, and now have 37/163 hp.
There is an open door here.
You regained 2 hp, and now have 39/163 hp.
You regained 2 hp, and now have 41/163 hp.
The slime creature attacks as it pursues you!
The slime creature hits you but does no damage.
You regained 2 hp, and now have 43/163 hp.
Your skin crawls.
You feel strong-willed.
The slime creature hits you but does no damage.
Two slime creatures merge to form an enormous slime creature.
You regained 3 hp, and now have 46/163 hp.
You regained 4 hp, and now have 50/163 hp.
You regained 3 hp, and now have 53/163 hp.
The sentinel's mark upon you fades away.
You regained 3 hp, and now have 56/163 hp.
The enormous slime creature attacks as it pursues you!
You block the enormous slime creature's attack.
You regained 4 hp, and now have 60/163 hp.
The enormous slime creature attacks as it pursues you!
The enormous slime creature closely misses you.
You block the enormous slime creature's attack.
You regained 3 hp, and now have 63/163 hp.
You regained 4 hp, and now have 67/163 hp.
The enormous slime creature attacks as it pursues you!
The enormous slime creature hits you!
* * * LOW HITPOINT WARNING * * *
You block the enormous slime creature's attack.
You take 9 damage, and have 58/163 hp.
The enormous slime creature attacks as it pursues you!
The enormous slime creature hits you!!!
* * * LOW HITPOINT WARNING * * *
You take 49 damage, and have 9/163 hp. !!!!--MASSIVE DAMAGE--!!!!
The enormous slime creature attacks as it pursues you!
The enormous slime creature hits you.
* * * LOW HITPOINT WARNING * * *
The enormous slime creature hits you!!!
You die...

#####......#.....# #)###'######
....#...######'#.# #))........#
##.#.....#<..).#.# #)#........#
.#.##.##.#######.#####........#
.#....#..§...................##
.##≈≈≈§≈≈≈≈≈§≈##.###########.###
≈≈≈≈≈≈§§§§≈§≈≈≈#.# #...#
≈§≈≈≈###≈####≈§#.# ###.#
≈.##≈#.'§§..#§§#B# #.#
....≈..#≈#..#≈≈#J# #.#
≈.#.≈#.§≈#))#≈≈#.# #.#
§≈≈.≈§.#≈#..#≈≈#.# #.##
≈#...§.#≈#..# #J# #...
≈#.#§##§§#### #.# ###.
≈##§§§§§§§≈§ #.# #...
≈§≈≈≈≈≈≈§≈≈§§§ #.# #.##
≈§≈≈≈######### #.# ####.#


You could see an enormous slime creature and a slime creature.

Vanquished Creatures
  Rupert (D:15)
  Gastronok (D:8)
  A frost giant (IceCv)
  Azrael (D:12)
  3 vault guards (D:13)
  13 hydras
  A centaur warrior (D:14)
  2 catoblepae (Lair:5)
  4 boulder beetles
  A death knight (D:14)
  5 two-headed ogres
  Erica (Lair:1)
  14 death yaks
  An orc high priest (Orc:2)
  Amaemon (D:8)
  A skyshark (Lair:4)
  10 skeletal warriors
  A lindwurm (Lair:5)
  5 deep elf pyromancers
  4 orc knights
  2 wizards (D:14)
  5 cyclopes
  2 orc sorcerers (Orc:2)
  5 manticores
  6 ugly things
  10 black mambas
  28 elephants
  A torpor snail (Lair:5)
  Jeremiah (D:8)
  2 ice statues
  3 gargoyles
  An orange demon (D:8)
  12 cane toads
  4 kobold demonologists
  7 rime drakes
  An ice devil (Lair:2)
  A freezing wraith (D:14)
  2 unseen horrors
  An efreet (D:14)
  11 komodo dragons
  18 polar bears
  2 hornets
  A queen bee (Lair:1)
  6 trolls
  A wind drake (shapeshifter) (D:15)
  14 blink frogs
  A blink frog (shapeshifter) (D:14)
  A tyrant leech (Lair:2)
  A raiju (Lair:5)
  7 dream sheep (Lair:5)
  Sigmund (D:5)
  4 slime creatures
  3 shadows
  A vampire (D:10)
  5 wyverns
  66 yaks
  3 wraiths
  A fire bat (shapeshifter) (D:12)
  3 fire elementals
  8 basilisks
  A chaos spawn (D:11)
  6 vampire mosquitoes
  5 wargs (Lair:5)
  Menkaure (D:5)
  2 swamp worms (Lair:2)
  3 nagas (Lair:2)
  33 orc warriors
  16 hell hounds
  5 acid dragons
  11 water moccasins
  5 ice beasts (Lair:2)
  12 black bears
  2 sky beasts
  A boggart (D:12)
  3 ogres
  35 wolves
  5 centaurs
  4 phantoms
  7 kobold brigands
  Blork the orc (D:6)
  12 bullfrogs
  2 scorpions
  5 wights
  19 killer bees
  3 howler monkeys
  Crazy Yiuf (D:6)
  2 hounds
  A gnoll bouda (D:12)
  27 orc priests
  2 jellies
  A sleepcap (D:7)
  6 iguanas
  20 orc wizards
  7 hell rats (Lair:3)
  12 mummies (Ossuary)
  10 gnolls
  7 adders
  4 white imps
  2 worms
  A dart slug (D:1)
  95 orcs
  6 bats
  5 endoplasms
  3 giant cockroaches
  8 goblins
  5 hobgoblins
  9 jackals
  3 quokkas
  8 ball pythons
  3 frilled lizards (D:3)
  3 gnoll skeletons (Ossuary)
  2 goblin skeletons (Ossuary)
  40 kobolds
  2 kobold skeletons (Ossuary)
  An orc skeleton (Ossuary)
  6 rats
  11 rat skeletons (Ossuary)
835 creatures vanquished.

Vanquished Creatures (collateral kills)
  An orc warlord (Orc:2)
  A vault guard (D:13)
  2 red devils (D:11)
  A polar bear (Lair:5)
  2 neqoxecs (D:11)
  A chaos spawn (D:11)
  A warg (Lair:5)
  5 orc warriors
  2 black bears (Lair:5)
  An ogre (Orc:2)
  2 orc priests
  5 orc wizards
  8 orcs
32 creatures vanquished.

Vanquished Creatures (others)
  A deep elf pyromancer (D:14)
1 creature vanquished.

Grand Total: 868 creatures vanquished

Notes
Turn   | Place    | Note
-------+----------+-------------------------------------------
     0 | D:1      | Iich the Troll Shapeshifter began the quest for the Orb.
     0 | D:1      | Reached XP level 1. HP: 18/18 MP: 0/0
    89 | D:1      | Reached skill level 1 in Fighting
   149 | D:1      | Reached XP level 2. HP: 26/27 MP: 1/1
   986 | D:2      | Reached XP level 3. HP: 33/33 MP: 2/2
   999 | D:2      | Reached skill level 1 in Armour
  1066 | D:2      | Found the +9 scales of the Dragon King {rPois rF+ rC+
                  | Will+}
  1257 | D:2      | Reached XP level 4. HP: 41/41 MP: 3/3
  1336 | D:2      | Found a faded altar of an unknown god.
  1822 | D:3      | Reached XP level 5. HP: 48/49 MP: 4/4
  2365 | D:4      | Found a glowing silver altar of Zin.
  2532 | D:4      | Reached skill level 4 in Unarmed Combat
  2532 | D:4      | Reached XP level 6. HP: 43/57 MP: 5/5
  2631 | D:4      | Found Tizeer's Antique Armour Shoppe.
  3047 | D:5      | Entered Level 5 of the Dungeon
  3289 | D:5      | Noticed Menkaure
  3294 | D:5      | Killed Menkaure
  3295 | D:5      | Reached XP level 7. HP: 66/66 MP: 6/6
  3318 | D:5      | Noticed Sigmund
  3326 | D:5      | Killed Sigmund
  3509 | D:5      | Reached skill level 5 in Unarmed Combat
  3509 | D:5      | Reached XP level 8. HP: 75/75 MP: 7/7
  3717 | D:6      | Reached skill level 5 in Shapeshifting
  3740 | D:6      | Noticed Blork the orc
  3748 | D:6      | Killed Blork the orc
  3801 | D:6      | Found a staircase to the Ecumenical Temple.
  3815 | Temple   | Entered the Ecumenical Temple
  3904 | Temple   | Became a worshipper of Trog the Wrathful
  4077 | D:6      | Gained mutation: Your system is resistant to poisons.
                  | (rPois) [potion of mutation]
  4077 | D:6      | Gained mutation: You possess an exceptional clarity of
                  | mind. [potion of mutation]
  4177 | D:6      | Found a burning altar of Makhleb.
  4178 | D:6      | Found a glowing golden altar of the Shining One.
  4305 | D:6      | Found a runed translucent door.
  4306 | D:6      | Noticed Crazy Yiuf
  4446 | D:6      | Killed Crazy Yiuf
  4559 | D:7      | Reached XP level 9. HP: 84/84 MP: 8/8
  4580 | D:7      | Reached skill level 6 in Unarmed Combat
  4692 | D:7      | Found a sand-covered staircase.
  4696 | Ossuary  | Entered an ossuary
  4716 | Ossuary  | Reached * piety under Trog
  4919 | Ossuary  | Reached ** piety under Trog
  5110 | D:7      | Reached skill level 5 in Dodging
  5398 | D:8      | Noticed Amaemon
  5398 | D:8      | Noticed an orange demon
  5596 | D:8      | Reached skill level 5 in Fighting
  5609 | D:8      | Noticed Gastronok
  5627 | D:8      | Killed Gastronok
  5628 | D:8      | Reached skill level 5 in Armour
  5628 | D:8      | Reached skill level 7 in Unarmed Combat
  5628 | D:8      | Reached XP level 10. HP: 68/96 MP: 9/9
  5694 | D:8      | Noticed Jeremiah
  5706 | D:8      | Killed Jeremiah
  5847 | D:8      | Noticed an elephant
  5867 | D:8      | Killed an elephant
  5905 | D:8      | Killed Amaemon
  5911 | D:8      | Noticed a death yak
  5912 | D:8      | Killed an orange demon
  6101 | D:8      | Killed a death yak
  6224 | D:8      | Reached skill level 8 in Unarmed Combat
  6224 | D:8      | Found a staircase to the Lair.
  6428 | D:9      | Found a snail-covered altar of Cheibriados.
  6949 | D:9      | Reached XP level 11. HP: 106/106 MP: 10/10
  6953 | D:9      | Noticed a skeletal warrior
  6953 | D:9      | Noticed a skeletal warrior
  6953 | D:9      | Noticed a skeletal warrior
  6955 | D:9      | Noticed a skeletal warrior
  6957 | D:9      | Noticed a skeletal warrior
  7026 | D:9      | Reached *** piety under Trog
  7050 | D:9      | Killed a skeletal warrior
  7218 | D:9      | Killed a skeletal warrior
  7250 | D:9      | Killed a skeletal warrior
  7279 | D:9      | Killed a skeletal warrior
  7325 | D:9      | Killed a skeletal warrior
  7666 | D:10     | Entered Level 10 of the Dungeon
  7838 | D:10     | Found a radiant altar of Vehumet.
  7989 | D:10     | Reached skill level 9 in Unarmed Combat
  8351 | D:4      | Bought a masterwork scarf for 280 gold pieces
  8351 | D:4      | Identified the scarf "Oxorarini" {+Inv, Contam Will++
                  | Str+3} (You bought it in a shop on level 4 of the Dungeon)
  8451 | Lair:1   | Entered Level 1 of the Lair of Beasts
  8478 | Lair:1   | Found a transporter.
  8480 | Lair:1   | Found a transporter.
  8736 | Lair:1   | Reached XP level 12. HP: 80/118 MP: 11/11
  8741 | Lair:1   | Reached **** piety under Trog
  9084 | Lair:1   | Noticed Erica
  9102 | Lair:1   | Killed Erica
  9274 | Lair:1   | Noticed a boulder beetle
  9275 | Lair:1   | Noticed a boulder beetle
  9457 | Lair:1   | Killed a boulder beetle
  9465 | Lair:1   | Killed a boulder beetle
  9541 | Lair:2   | Reached skill level 10 in Unarmed Combat
 10144 | Lair:2   | Noticed an eight-headed hydra
 10144 | Lair:2   | Noticed a six-headed hydra
 10332 | Lair:2   | Found a staircase to the Snake Pit.
 10411 | Lair:2   | Killed a 15-headed hydra
 10596 | Lair:2   | Noticed an eight-headed hydra
 10606 | Lair:2   | Killed an 11-headed hydra
 10804 | Lair:2   | Found a staircase to the Swamp.
 11300 | Lair:2   | Killed a 19-headed hydra
 11301 | Lair:2   | Reached XP level 13. HP: 114/128 MP: 12/12
 11549 | Lair:3   | Identified the +6 short sword of Welfare {freeze, rF+ Int+3
                  | SInv}
 11571 | Lair:3   | Reached skill level 10 in Shapeshifting
 12002 | Lair:3   | Reached ***** piety under Trog
 12003 | Lair:3   | Reached skill level 11 in Unarmed Combat
 12656 | Lair:4   | Identified the +9 battleaxe of the Gloaming {heavy, rElec
                  | rF+++ rN+ Dex-5} (Trog gifted it to you on level 4 of the
                  | Lair of Beasts)
 12656 | Lair:4   | Received a gift from Trog
 12816 | Lair:4   | Found a staircase to the Slime Pits.
 12816 | Lair:4   | Found a viscous altar of Jiyva.
 13522 | Lair:5   | Entered Level 5 of the Lair of Beasts
 13547 | Lair:4   | Reached XP level 14. HP: 136/140 MP: 13/13
 13996 | Lair:5   | Reached skill level 12 in Unarmed Combat
 14011 | Lair:5   | Reached skill level 10 in Dodging
 14346 | Lair:5   | Reached skill level 10 in Fighting
 14386 | Lair:5   | Reached skill level 10 in Armour
 15047 | Lair:5   | Identified the +6 flail "Nucuedau" {heavy, rPois rN+}
 15440 | D:4      | Bought a runed cloak for 210 gold pieces
 16540 | D:12     | Reached XP level 15. HP: 145/152 MP: 14/14
 16798 | D:12     | Identified the +11 dagger "Aleytuiph" {heavy, Str+3 Int+2}
 16803 | D:12     | Noticed Azrael
 16819 | D:12     | Killed Azrael
 17072 | D:12     | Found a staircase to the Orcish Mines.
 17085 | D:12     | Reached ****** piety under Trog
 17352 | D:12     | Received a gift from Trog
 17900 | D:13     | Found a gate to the Vaults.
 17911 | D:13     | Reached skill level 13 in Unarmed Combat
 18240 | D:13     | Upgraded the game from 0.31-a0-702-gf82c85558f to
                  | 0.31-a0-705-ga145531891
 19235 | D:14     | Found an iron altar of Okawaru.
 19717 | Orc:1    | Entered Level 1 of the Orcish Mines
 19824 | Orc:1    | Received a gift from Trog
 19836 | Orc:1    | Found Cihegh's Armour Emporium.
 20251 | Orc:1    | Upgraded the game from 0.31-a0-705-ga145531891 to
                  | 0.31-a0-728-g01b46875f1
 20290 | Orc:2    | Entered Level 2 of the Orcish Mines
 20297 | Orc:2    | Found a frozen archway.
 20322 | IceCv    | Entered an ice cave
 21969 | IceCv    | Reached XP level 16. HP: 149/162 MP: 15/15
 22510 | Orc:2    | Received a gift from Trog
 22693 | Orc:2    | Found Ydethrou's Weapon Emporium.
 22793 | Orc:2    | Found a staircase to the Elven Halls.
 23096 | Orc:2    | Found Zukisod's Antique Weapon Shop.
 23106 | Orc:2    | Found Foojir Ugai's Antique Armour Boutique.
 23131 | Orc:2    | Bought a runed giant club for 131 gold pieces
 23139 | Orc:2    | Bought swamp dragon scales for 1600 gold pieces
 23389 | Orc:2    | Found Gisaces's General Store.
 23394 | Orc:2    | Bought a scroll of fear for 64 gold pieces
 23394 | Orc:2    | Bought a potion of curing for 48 gold pieces
 23394 | Orc:2    | Bought a scroll of blinking for 120 gold pieces
 23394 | Orc:2    | Bought a wand of mindburst (9) for 201 gold pieces
 23531 | D:15     | Entered Level 15 of the Dungeon
 23542 | D:15     | Found a stormy altar of Qazlal.
 23582 | D:15     | Noticed Rupert
 23592 | D:15     | Received a gift from Trog
 23605 | D:15     | Killed Rupert
 23627 | D:14     | HP: 8/163 [enormous slime creature (5)]
 23627 | D:14     | Annihilated by an enormous slime creature

Illustrated notes

Levels and vault maps discovered:
D:1:      minmay_arrival_four_circles, layout_loops_corners
D:2:      layout_loops_ring, shapermc_ecumenical_altar_totnotflames,
          minmay_tripent
D:3:      layout_basic
D:4:      layout_cave_pods, lemuel_doored_altar, serial_shops, shop
D:5:      layout_loops_ring, uniq_sigmund, uniq_menkaure
D:6:      layout_cave_pools, gammafunk_temple_overflow_pools,
          minmay_temple_entry_sparse_star, uniq_crazy_yiuf_cottage,
          uniq_blork_the_orc
D:7:      layout_basic, enter_ossuary_5
D:8:      layout_rooms, david_lair_generic, uniq_gastronok, uniq_jeremiah,
          uniq_amaemon
D:9:      layout_gridville, cheibriados_altar_1, minmay_between
D:10:     layout_roguey, fiery_altar_vehumet
D:11:     layout_loops_cross, nicolae_zen_rock_garden, nicolae_neqoxec_dot_bat
D:12:     wad_arrow_thing, layout_rooms, minmay_orc_entry_temple_small,
          st_stairs_12, uniq_azrael
D:13:     layout_layer_cave, lightli_vaults_fourway_checkpoint
D:14:     cheibrodos_lost_city_excavation, layout_basic,
          minmay_misc_feat_rugged, okawaru_ov_weapons_minmay
D:15:     grunt_enter_depths_magical_seal, layout_rooms,
          hangedman_decor_diamond_cutter, gammafunk_ghost_door_vault,
          grunt_qazlal_sundering, uniq_rupert, uniq_kirke
Temple:   minmay_temple_bridge_d
Lair:1:   gammafunk_boulding_lane, layout_long_grid, special_room
          [special_room_bee], uniq_erica
Lair:2:   layout_roguey, palyth_hydra_swamp_entry, nicolae_snake_entry_squirm,
          ice2_lemuel, grunt_megastairs_5, serial_bayou_shore_a
Lair:3:   layout_roguey, grunt_megastairs_4
Lair:4:   beast_lair_carwin_large_4, layout_cellular_growth, slime_entry_1
Lair:5:   hangedman_lair_in_review, layout_long_grid,
          hangedman_lair_caniforms_friends, grunt_megastairs_2
Orc:1:    layout_caves, serial_shops, shop_statue, mines1_david
Orc:2:    grunt_orc_community_town_hall, layout_caves,
          grunt_orc_community_big_house_2, grunt_orc_community_big_house_2,
          grunt_orc_community_house_1, grunt_orc_community_house_1,
          grunt_orc_community_house_1, grunt_orc_community_house_1,
          grunt_orc_community_house_3, grunt_orc_community_house_3, basic_altar,
          portal_ice_cave_rime

Skill      XL: |  1  2  3  4  5  6  7  8  9 10 11 12 13 14 15 |
---------------+----------------------------------------------+-----
Fighting       | 1 2 3 4 5 6 7 8 9 10 11 | 11.5
Armour         | 1 2 3 4 5 6 7 8 9 10 11 | 11.5
Dodging        | 2 3 4 5 6 7 8 9 10 11 | 11.6
Unarmed Combat | 4 5 7 8 9 10 11 12 13 | 13.9
Shapeshifting  | 4 5 6 7 8 9 10 11 12 | 12.8

Action                     |  1- 3 |  4- 6 |  7- 9 | 10-12 | 13-15 | 16-18 || total
---------------------------+-------+-------+-------+-------+-------+-------++-------
  Melee: Unarmed           |    67 |   169 |   326 |   618 |  1432 |   279 ||  2891
         Punch             |       |     2 |    13 |    23 |       |       ||    38
 Invoke: Berserk           |       |       |     1 |     5 |    14 |     3 ||    23
         Trog's Hand       |       |       |       |     3 |    11 |     4 ||    18
         Brothers in Arms  |       |       |       |       |     4 |     2 ||     6
  Evoke: Wand              |       |     3 |       |     8 |     6 |     1 ||    18
         Phantom mirror    |       |       |       |       |     1 |       ||     1
         Condenser vane    |       |       |       |       |     1 |       ||     1
         Phial of floods   |       |       |       |       |       |     1 ||     1
    Use: Scroll            |       |     7 |     5 |    10 |     3 |     1 ||    26
         Potion            |       |     4 |     3 |     6 |     1 |       ||    14
   Stab: Petrified         |       |       |       |       |    11 |       ||    11
 Armour: Animal skin       |    24 |       |       |       |       |       ||    24
         Gold dragon scale |     5 |   133 |   322 |  1046 |  2093 |   233 ||  3832
  Dodge: Dodged            |    23 |    15 |    42 |   294 |   656 |    80 ||  1110
  Block: Other             |     2 |    28 |    74 |   237 |   457 |    57 ||   855
         Reflection        |       |       |     4 |     3 |     4 |     3 ||    14
   Form: Flux              |       |       |       |     2 |     1 |     1 ||     4
         Beast             |       |       |       |     1 |       |     1 ||     2
         Maw               |       |       |       |       |     1 |       ||     1

Table legend: (Time is in decaauts)
 A = Elapsed time spent in this place.
 B = Non-inter-level travel time spent in this place.
 C = Inter-level travel time spent in this place.
 D = Time resting spent in this place.
 E = Time spent auto-exploring this place.
 F = Levels seen in this place.
 G = Mean time per level.
                   A        B        C        D        E       F      G
               +--------+--------+--------+--------+--------+-----+--------+
         Total |  23286 |  21781 |   1505 |   2963 |  13239 |  25 |  931.4 |
       Dungeon |  12401 |  11331 |   1070 |    659 |   7977 |  15 |  826.7 |
        Temple |    164 |     31 |    133 |      0 |      0 |   1 |  164.0 |
          Lair |   6729 |   6485 |    244 |   1035 |   3782 |   5 | 1345.8 |
  Orcish Mines |   1537 |   1479 |     58 |     29 |    994 |   2 |  768.5 |
       Ossuary |    337 |    337 |      0 |      0 |    179 |   1 |  337.0 |
      Ice Cave |   2115 |   2115 |      0 |   1238 |    306 |   1 | 2115.0 |
               +--------+--------+--------+--------+--------+-----+--------+

Top non-repeatable levels by time:
   IceCv: 2115 daAuts
  Lair:2: 1853 daAuts
  Lair:5: 1569 daAuts
     D:9: 1355 daAuts
  Lair:1: 1145 daAuts
    D:13: 1144 daAuts
    D:11: 1095 daAuts
  Lair:4: 1094 daAuts
    D:14: 1085 daAuts
  Lair:3: 1066 daAuts
     D:1: 978 daAuts
   Orc:2: 976 daAuts
     D:4: 925 daAuts
     D:7: 891 daAuts
    D:12: 864 daAuts
